 Dungeon Crawl Stone Soup version 0.24.0-125-gc4c63601f3 (webtiles) character file.

Game seed: 17972376120283817307, levelgen mode: deterministic

4409 Johnny the Thaumaturge (level 10, -3/65 HPs)
             Began as a Deep Elf Earth Elementalist on Feb 18, 2020.
             Was a Believer of Dithmenos.
             Slain by a necrophage (6 damage)
             ... on level 8 of the Dungeon.
             The game lasted 00:13:02 (11127 turns).

Johnny the Thaumaturge (DEEE)                      Turns: 11127, Time: 00:13:04

Health: -3/65      AC:  4    Str:  5    XL:     10   Next: 14%
Magic:  25/25      EV: 13    Int: 24    God:    Dithmenos [**....]
Gold:   435        SH:  0    Dex: 15    Spells: 15/28 levels left

rFire    . . .     SeeInvis .   w - +5 short sword (venom)
rCold    . . .     Gourm    .   (no shield)
rNeg     + . .     Faith    .   I - +2 robe
rPois    .         Spirit   .   (no helmet)
rElec    .         Reflect  .   o - scarf {cloud immunity}
rCorr    .         Harm     .   (no gloves)
MR       +....                  (no boots)
Stlth    +++.......             (no amulet)
HPRegen  0.20/turn              n - ring of positive energy
MPRegen  0.19/turn              D - ring of flight

@: wreathed by umbra
A: no striking features
a: Shadow Step, Renounce Religion, Evoke Flight


You were on level 8 of the Dungeon.
You worshipped Dithmenos.
Dithmenos was pleased with you.
You were not hungry.

You visited 2 branches of the dungeon, and saw 9 of its levels.
You also visited: Sewer.

You collected 435 gold pieces.

Inventory:

Hand Weapons
 e - a +1 dagger of electrocution
 w - a +5 short sword of venom (weapon)
Missiles
 b - 76 stones (quivered)
Armour
 o - a scarf of cloud immunity (worn)
 y - a scarf of cloud immunity
 G - a +2 buckler
 I - a +2 robe (worn)
Jewellery
 n - a ring of positive energy (left hand)
 D - a ring of flight (right hand)
Wands
 c - a wand of polymorph (4)
 x - a wand of disintegration (4)
 C - a wand of random effects (10)
Scrolls
 h - 3 scrolls of enchant armour
 l - 5 scrolls of remove curse
 p - 2 scrolls of immolation
 q - a scroll of random uselessness
 r - 2 scrolls of fog
 s - 3 scrolls of teleportation
 t - 2 scrolls of amnesia
 u - a scroll of magic mapping
Potions
 a - a potion of haste {unknown}
 f - 4 potions of agility
 g - 4 potions of might {unknown}
 i - 2 potions of cancellation {unknown}
 j - 2 potions of flight {unknown}
 k - 7 potions of curing
 m - 2 potions of brilliance {unknown}
 v - 8 potions of heal wounds {unknown}
 A - a potion of lignification {unknown}
 B - a potion of mutation {unknown}
 E - 2 potions of berserk rage {unknown}
 F - a potion of resistance {unknown}
Comestibles
 d - 7 rations


   Skills:
 * Level 8.6 Fighting
 - Level 2.4 Dodging
 - Level 2.4 Stealth
 + Level 2.1 Shields
 + Level 9.9 Spellcasting
 - Level 1.1 Transmutations
 + Level 8.6 Earth Magic


You had 15 spell levels left.
You knew the following spells:

 Your Spells              Type           Power        Failure   Level  Hunger
a - Sandblast             Erth           ######       1%          1    None
b - Stone Arrow           Conj/Erth      ####..       2%          3    None
c - Lee's Rapid Deconstr  Erth           ######....   4%          5    ####...
d - Petrify               Tmut/Erth      #####...     7%          4    #......

Your spell library contained the following spells:

 Spells                   Type           Power        Failure   Level  Hunger
 Passwall                 Tmut/Erth      #####...     1%          2    None


Dungeon Overview and Level Annotations

Branches:
Dungeon (8/15)             Temple (1/1) D:5           Sewer (visited)
   Lair: D:8-11

Altars:
Ashenzari
Cheibriados
Dithmenos
Gozag
Hepliaklqana
Nemelex Xobeh
Ru
Sif Muna
Vehumet
Yredelemnul
The Shining One

Annotations:
D:6 dasteron's ghost, novice VSFi


Message History

Something hits you!
* * * LOW HITPOINT WARNING * * *
Unknown command.
You barely miss something. Something hits you!
* * * LOW HITPOINT WARNING * * *
The hound barely misses you. The shadow imp gestures at you.
You resist with significant effort. The necrophage hits you.
* * * LOW HITPOINT WARNING * * *
The hound misses you.
Unknown command.
Unknown command.
Okay, then.
It was a potion of curing.
You feel better. Something barely misses you.
The hound bites you but does no damage. The shadow imp gestures at you.
Pain shoots through your body!
* * * LOW HITPOINT WARNING * * *
The necrophage hits you.
You die...

######. #.....#
##.....###
.....5.. #.....#
#.....# #####
#.....# #...###
# #nh...#
#...... #.
#.@.[.# #......
###.####.....#
#......
........######
#####'#
........# #.#
........# #.#
#.........# #.#
#.........# #.#
#.........# #.#
######.........#
#..


You could see a necrophage, a hound and a shadow imp.

Vanquished Creatures
  The ghost of FishyPogo the Cutter, a novice GnCK of Xom (D:6)
  Pikel (D:5)
  Joseph (D:7)
  A troll (D:8)
  Prince Ribbit (D:8)
  Sigmund (D:5)
  Menkaure (D:5)
  A water moccasin (D:8)
  A sky beast (D:7)
  An ice beast (D:6)
  An orc warrior (D:8)
  A slave (D:5)
  A black bear (D:8)
  A phantom (D:3)
  3 ogres
  A centaur (D:6)
  3 big kobolds (Sewer)
  5 bullfrogs
  A gnoll sergeant (D:7)
  3 scorpions
  3 crimson imps
  2 centaur zombies
  A hound (D:5)
  An orc priest (D:7)
  A centaur skeleton (D:7)
  A bullfrog skeleton (D:4)
  An iguana (D:4)
  Ijyb (D:5)
  Terence (D:3)
  9 worker ants
  A hound skeleton (D:8)
  A howler monkey zombie (D:6)
  5 gnolls (D:7)
  12 adders
  5 river rats (Sewer)
  A shadow imp (D:5)
  2 oozes
  An adder skeleton (D:2)
  A worm (D:2)
  A dart slug (D:1)
  4 leopard geckos
  23 orcs
  5 bats
  6 giant cockroaches
  10 goblins
  11 hobgoblins
  17 jackals
  6 quokkas
  6 ball pythons
  4 frilled lizards
  20 kobolds
  28 rats
221 creatures vanquished.

Vanquished Creatures (others)
  3 slaves (D:5)
  A centaur (D:5)
  An adder (D:5)
  10 toadstools (D:1)
15 creatures vanquished.

Grand Total: 236 creatures vanquished

Notes
Turn   | Place    | Note
-------+----------+-------------------------------------------
     0 | D:1      | Johnny the Deep Elf Earth Elementalist began the quest for
                  | the Orb.
     0 | D:1      | Reached XP level 1. HP: 10/10 MP: 6/6
   352 | D:1      | Reached XP level 2. HP: 16/16 MP: 6/8
   436 | D:1      | Reached skill level 1 in Fighting
   721 | D:1      | Reached XP level 3. HP: 20/20 MP: 10/10
  1401 | D:1      | Found a shattered altar of Ashenzari.
  2090 | D:2      | Reached XP level 4. HP: 21/26 MP: 8/11
  2116 | D:2      | Learned a level 3 spell: Stone Arrow
  2193 | D:2      | Reached skill level 4 in Spellcasting
  3207 | D:3      | Found a faded altar of an unknown god.
  3238 | D:3      | Noticed a phantom
  3253 | D:3      | Killed a phantom
  3253 | D:3      | Reached XP level 5. HP: 32/32 MP: 2/14
  3344 | D:3      | Noticed Terence
  3407 | D:2      | Learned a level 5 spell: Lee's Rapid Deconstruction
  3412 | D:2      | Learned a level 4 spell: Petrify
  3955 | D:3      | Killed Terence
  4211 | D:4      | Reached skill level 5 in Spellcasting
  4211 | D:4      | Reached XP level 6. HP: 6/37 MP: 3/15
  4331 | D:4      | Found a glowing drain.
  4336 | Sewer    | Entered a sewer
  4551 | Sewer    | Reached skill level 5 in Earth Magic
  4893 | Sewer    | Reached XP level 7. HP: 42/43 MP: 14/17
  5384 | Sewer    | Reached skill level 6 in Spellcasting
  5926 | D:5      | Entered Level 5 of the Dungeon
  6143 | D:5      | Found a staircase to the Ecumenical Temple.
  6234 | Temple   | Entered the Ecumenical Temple
  6252 | Temple   | Became a worshipper of Dithmenos the Shadowed
  6323 | D:5      | Noticed Sigmund
  6325 | D:5      | Reached skill level 5 in Fighting
  6375 | D:6      | Found a runed translucent door.
  6380 | D:6      | Noticed FishyPogo's ghost (novice GnCK)
  6392 | D:6      | Found a shattered altar of Ashenzari.
  6575 | D:6      | Reached XP level 8. HP: 50/50 MP: 9/20
  6651 | D:6      | Reached skill level 7 in Spellcasting
  7234 | D:5      | Killed Sigmund
  7339 | D:5      | Noticed Pikel
  7344 | D:5      | Killed Pikel
  7344 | D:5      | Reached skill level 8 in Spellcasting
  7344 | D:5      | Reached XP level 9. HP: 22/56 MP: 6/23
  7384 | D:5      | Noticed Menkaure
  7385 | D:5      | Killed Menkaure
  7400 | D:5      | Noticed Ijyb
  7403 | D:5      | Killed Ijyb
  7769 | D:5      | Reached * piety under Dithmenos
  8041 | D:6      | Killed FishyPogo's ghost
  8041 | D:6      | Reached skill level 9 in Spellcasting
  8836 | D:7      | Noticed Joseph
  9194 | D:7      | Killed Joseph
  9194 | D:7      | Reached skill level 1 in Shields
  9372 | D:7      | Found a runed translucent gate.
  9372 | D:7      | Found a runed translucent gate.
  9372 | D:7      | Found a runed translucent gate.
  9372 | D:7      | Noticed dasteron's ghost (novice VSFi)
 10238 | D:8      | Noticed Prince Ribbit
 10238 | D:8      | Noticed a troll
 10251 | D:8      | Killed Prince Ribbit
 10251 | D:8      | Killed a troll
 10251 | D:8      | Reached XP level 10. HP: 65/65 MP: 10/25
 10744 | D:8      | Reached ** piety under Dithmenos
 11126 | D:8      | HP: 3/64 [something (7)]
 11126 | D:8      | HP: 1/64 [necrophage (2)]
 11127 | D:8      | Slain by a necrophage

Levels and vault maps discovered:
D:1:      ldierk_walled_garden_2, layout_basic, chequers_serial_rivers_micro_d,
          minmay_gold_behind_fungi, ashenzari_altar_1
D:2:      layout_loops_corners
D:3:      layout_loops_cross, chequers_ecumenical_altar_island, uniq_terence
D:4:      wad_pebble_path, layout_rooms, first_ration, portal_sewer_entry_e
D:5:      layout_loops_ring, temple_doors_e, uniq_ijyb, uniq_pikel,
          uniq_menkaure, uniq_sigmund
D:6:      layout_loops_ring, old_standard_altar, ebering_ghost_sewer_d,
          grunt_ministairs_6
D:7:      layout_loops_ring, ebering_ghost_rock_garden, uniq_joseph
D:8:      layout_basic, gammafunk_ghost_hydra_chop, uniq_prince_ribbit1
Temple:   nicolae_temple_the_god_donut

Skill      XL: |  1  2  3  4  5  6  7  8  9 10 |
---------------+-------------------------------+-----
Fighting       | 1 2 3 4 5 6 8 |  8.6
Spellcasting   | 4 5 6 8 9 |  9.9
Earth Magic    | 4 5 6 7 8 |  8.6
Shields        | 1 2 |  2.1
Dodging        | |  2.4
Stealth        | |  2.4
Transmutations | |  1.1

Action                   |  1- 3 |  4- 6 |  7- 9 | 10-12 || total
-------------------------+-------+-------+-------+-------++-------
Melee: Unarmed           |     5 |       |       |       ||     5
       Dagger            |    71 |    85 |       |       ||   156
       Short sword       |       |    47 |   219 |    41 ||   307
 Cast: Sandblast         |    23 |    47 |    36 |     7 ||   113
       Stone Arrow       |       |     8 |    14 |     4 ||    26
       Petrify           |       |     4 |     3 |       ||     7
       Lee's Rapid Decon |       |       |    31 |     2 ||    33
Evoke: Wand              |       |       |     8 |       ||     8
  Use: Scroll            |       |     4 |     7 |     3 ||    14
       Potion            |       |       |       |     1 ||     1
 Stab: Sleeping          |     6 |     1 |     7 |     1 ||    15
       Petrified         |       |     6 |     3 |       ||     9
  Eat: Chunk             |     4 |     6 |    14 |     2 ||    26
       Ration            |       |     1 |     3 |       ||     4
Armor: Robe              |    11 |    20 |    25 |     9 ||    65
Dodge: Dodged            |    62 |   118 |   206 |    47 ||   433
